 Dungeon Crawl Stone Soup version 0.26-a0-649-gf8c6c3aab7 (webtiles) character file.

Game seed: 16760397478217512435

8638 pkoi the Spear-Bearer (level 11, -2/89 HPs)
             Began as a Minotaur Gladiator on Sept 27, 2020.
             Was an Elder of Hepliaklqana.
             Slain by a hornet (6 damage)
             ... on level 9 of the Dungeon on Sept 28, 2020.
             The game lasted 00:14:23 (10341 turns).

pkoi the Spear-Bearer (Minotaur Gladiator)         Turns: 10341, Time: 00:14:23

Health: -2/89      AC:  9    Str: 23    XL:     11   Next: 12%
Magic:  15/15      EV: 12    Int:  5    God:    Hepliaklqana [****..]
Gold:   630        SH:  0    Dex: 11    Spells: 10/10 levels left

rFire    + . .     SeeInvis +   w - +5 trident
rCold    + . .     Faith    .   (no shield)
rNeg     + . .     Spirit   .   m - +1 ring mail {rPois}
rPois    +         Reflect  .   c - +1 hat
rElec    +         Harm     .   B - scarf {shadows}
rCorr    +         Rampage  .   (no gloves)
MR       .....                  (no boots)
Stlth    +.........             (no amulet)
HPRegen  0.24/turn              l - ring of positive energy
MPRegen  0.14/turn              q - ring of see invisible

@: resistant, slowed, very slow
A: retaliatory headbutt, reduced essence, horns 2
a: Recall Ancestor, Ancestor Identity, Transference, Idealise, Renounce Religion


You were on level 9 of the Dungeon.
You worshipped Hepliaklqana.
Hepliaklqana was greatly pleased with you.
You visited 1 branch of the dungeon, and saw 12 of its levels.

You collected 630 gold pieces.

Inventory:

Hand Weapons
 a - a +0 war axe
 u - a +1 halberd
 w - a +5 trident (weapon)
Missiles
 d - 4 throwing nets (quivered)
 D - 19 boomerangs
Armour
 c - a +1 hat (worn)
 m - a +1 ring mail of poison resistance (worn)
 v - a +0 cloak
 B - a scarf of shadows (worn)
Jewellery
 l - a ring of positive energy (left hand)
 q - a ring of see invisible (right hand)
 L - an uncursed amulet of the acrobat
Wands
 b - a wand of random effects (30)
 y - a wand of flame (14)
 F - a wand of disintegration (32)
 K - a wand of enslavement (9)
Scrolls
 f - 2 scrolls of enchant weapon
 h - a scroll of amnesia
 i - a scroll of enchant armour
 j - 7 scrolls of identify
 s - 2 scrolls of torment {unknown}
 t - a scroll of teleportation
 C - a scroll of fog
 G - a scroll of magic mapping
 H - 2 scrolls of random uselessness {unknown}
 I - a scroll of noise {unknown}
Potions
 e - 2 potions of brilliance
 g - a potion of berserk rage {unknown}
 k - 3 potions of mutation {unknown}
 n - 7 potions of curing {unknown}
 o - 5 potions of degeneration {unknown}
 p - 2 potions of flight {unknown}
 r - a potion of invisibility {unknown}
 x - 2 potions of haste {unknown}
 z - a potion of magic {unknown}
 A - 2 potions of heal wounds
 J - 2 potions of lignification {unknown}
 M - a potion of ambrosia {unknown}


   Skills:
 + Level 9.7 Fighting
 - Level 6.7(10.3) Axes
 + Level 12.1(12.7) Polearms
 - Level 2.0 Throwing
 + Level 9.3 Armour
 - Level 3.2 Dodging
 + Level 6.8 Invocations


You had 10 spell levels left.
You didn't know any spells.
Your spell library was empty.

Dungeon Overview and Level Annotations

Branches:
Dungeon (12/15)            Temple (0/1) D:4
   Lair: D:8-11         Orc: D:9-12

Altars:
Dithmenos
Hepliaklqana
Makhleb
Ru
Sif Muna
Uskayaw
Vehumet
Wu Jian
Xom
Yredelemnul


Innate Abilities, Weirdness & Mutations

You reflexively headbutt those who attack you in melee.
You have a pair of horns on your head.
Your life essence is reduced to manifest your ancestor. (-10% HP)


Message History

You climb upwards.
Tisha emerges from the mists of memory!
There is a stone staircase leading down here.
Okay, then.
Unknown command.
It was a potion of resistance.
You feel protected. The hornet stings you!
* * * LOW HITPOINT WARNING * * *
You feel yourself slow down.
Tisha hits the hornet with a +0 flail.
You closely miss the hornet. Your headbutt misses the hornet.
The hornet is moderately wounded.
The hornet stings you.
* * * LOW HITPOINT WARNING * * *
You feel as though you will be slow longer.
You closely miss the hornet.
The hornet is moderately wounded.
The hornet stings you but does no damage.
Tisha hits the hornet but does no damage.
The hornet stings you.
You die...

#####################
#####################
#.Ry.................
#...@................
#####################
# # # # #
#####################
#.................>..


You could see the friendly Tisha the knight and a hornet.

Vanquished Creatures
  Pikel (D:6)
  A cyclops (D:11)
  A centaur skeleton (D:10)
  2 rime drakes (D:10)
  A troll (D:9)
  A polar bear (D:10)
  2 hippogriffs (D:9)
  A wraith (D:12)
  A shadow (D:11)
  A wyvern (D:9)
  4 yaks (D:10)
  3 orc warriors
  A sky beast (D:6)
  An ice beast (D:10)
  A phantom (D:9)
  2 necrophages (D:7)
  5 ogres
  3 centaurs
  2 lemures
  2 big kobolds
  4 bullfrogs
  4 killer bees
  14 wights
  3 howler monkeys
  A bullfrog zombie (D:8)
  A centaur zombie (D:10)
  3 hounds
  6 orc priests
  6 orc wizards
  An iguana (D:8)
  8 worker ants
  A hound skeleton (D:5)
  A mummy (D:4)
  14 adders
  3 gnolls (D:2)
  A river rat (D:6)
  2 shadow imps (D:6)
  2 white imps
  2 ufetubi
  An ooze (D:5)
  3 adder zombies
  A worm (D:4)
  3 dart slugs
  3 leopard geckos
  22 orcs
  9 giant cockroaches
  9 goblins
  8 hobgoblins
  9 jackals
  5 quokkas
  2 ball pythons
  10 bats
  8 frilled lizards
  9 kobolds
  2 kobold zombies (D:4)
  A leopard gecko skeleton (D:7)
  12 rats
230 creatures vanquished.

Vanquished Creatures (collateral kills)
  A hippogriff (D:9)
  Sigmund (D:6)
  2 orc warriors
  A sky beast (D:8)
  2 ogres
  A centaur (D:9)
  A lemure (D:5)
  4 killer bees
  4 wights
  2 howler monkeys
  A hound (D:4)
  3 orc wizards
  An orc priest (D:9)
  An iguana (D:6)
  A mummy (D:7)
  2 adders
  3 gnolls (D:4)
  An ufetubus (D:9)
  An ooze (D:5)
  10 orcs
  3 jackals
  A kobold zombie (D:4)
  An orc zombie (D:4)
  2 rats (D:6)
50 creatures vanquished.

Vanquished Creatures (others)
  4 knights
  An ancestor (D:5)
  5 withered plants (D:7)
10 creatures vanquished.

Grand Total: 290 creatures vanquished

Notes
Turn   | Place    | Note
-------+----------+-------------------------------------------
     0 | D:1      | pkoi the Minotaur Gladiator began the quest for the Orb.
     0 | D:1      | Reached XP level 1. HP: 18/18 MP: 0/0
   276 | D:1      | Reached XP level 2. HP: 12/25 MP: 1/1
   434 | D:1      | You fall into a shaft and drop 1 floor!
   471 | D:1      | Reached skill level 5 in Axes
   506 | D:1      | Reached XP level 3. HP: 30/30 MP: 2/2
  1060 | D:2      | Reached XP level 4. HP: 23/37 MP: 3/3
  1901 | D:3      | Found a hazy altar of Hepliaklqana.
  1925 | D:3      | Became a worshipper of Hepliaklqana the Forgotten
  2158 | D:3      | Reached skill level 1 in Armour
  2163 | D:3      | Found a hide-covered altar of Uskayaw.
  2170 | D:3      | Reached XP level 5. HP: 40/40 MP: 4/4
  2794 | D:4      | Reached skill level 1 in Polearms
  2936 | D:4      | Reached * piety under Hepliaklqana
  2951 | D:4      | Found a shadowy altar of Dithmenos.
  2992 | D:4      | Reached skill level 2 in Polearms
  2992 | D:4      | Reached skill level 1 in Invocations
  2992 | D:4      | Reached XP level 6. HP: 34/45 MP: 5/5
  3104 | D:4      | Found a shimmering altar of Xom.
  3143 | D:4      | Found a staircase to the Ecumenical Temple.
  3495 | D:4      | Found a radiant altar of Vehumet.
  3631 | D:4      | Reached skill level 3 in Polearms
  3821 | D:5      | Entered Level 5 of the Dungeon
  3876 | D:5      | Reached XP level 7. HP: 43/53 MP: 7/7
  3977 | D:5      | Reached skill level 4 in Polearms
  4912 | D:6      | Noticed Sigmund
  4932 | D:6      | Killed Sigmund
  4932 | D:6      | Reached skill level 5 in Fighting
  4932 | D:6      | Reached skill level 5 in Polearms
  5226 | D:6      | Noticed Pikel
  5241 | D:6      | Killed Pikel
  5241 | D:6      | Reached skill level 6 in Polearms
  5241 | D:6      | Reached skill level 5 in Armour
  5241 | D:6      | Reached XP level 8. HP: 44/63 MP: 9/9
  5429 | D:6      | Reached ** piety under Hepliaklqana
  5430 | D:6      | Remembered your ancestor Tisha as a knight
  5437 | D:6      | Reached skill level 7 in Polearms
  5848 | D:6      | Found an ornate altar of the Wu Jian Council.
  5877 | D:6      | Found a basalt altar of Yredelemnul.
  6109 | D:7      | Reached XP level 9. HP: 64/69 MP: 11/11
  6269 | D:7      | Found a burning altar of Makhleb.
  6301 | D:7      | Found a shimmering blue altar of Sif Muna.
  6319 | D:7      | Reached skill level 8 in Polearms
  6558 | D:7      | Found a sacrificial altar of Ru.
  6670 | D:7      | Reached skill level 5 in Invocations
  6717 | D:7      | Reached skill level 9 in Polearms
  7416 | D:8      | Reached *** piety under Hepliaklqana
  7564 | D:8      | Reached skill level 10 in Polearms
  7680 | D:8      | Reached XP level 10. HP: 66/79 MP: 13/13
  8826 | D:9      | Reached skill level 11 in Polearms
  9553 | D:10     | Entered Level 10 of the Dungeon
  9559 | D:10     | You fall into a shaft and drop 2 floors!
  9559 | D:12     | Reached **** piety under Hepliaklqana
  9574 | D:12     | Noticed a skeletal warrior
  9688 | D:11     | Noticed a cyclops
  9702 | D:11     | Killed a cyclops
  9897 | D:10     | Reached XP level 11. HP: 52/87 MP: 14/14
 10277 | D:10     | Reached skill level 12 in Polearms
 10340 | D:9      | HP: 4/89 [hornet (3)]
 10341 | D:9      | Slain by a hornet

Illustrated notes

Levels and vault maps discovered:
D:1:      onia_arrival_mini_spirals, layout_basic
D:2:      layout_loops_corners, hex_large
D:3:      layout_loops_cross, old_standard_altar,
          eat_drink_and_be_merry_uskayaw, kennysheep_small_spiral
D:4:      layout_cave_pools, marbit_many_paths,
          nicolae_dithmenos_through_a_glass_darkly, vehumet_crystals,
          minmay_temple_entry_gardened_gates, serial_co_window_serial,
          co_window_paths_a, co_window_paths_a, co_window_cross_1,
          co_window_paths_b, co_window_cross_1, co_window_corner_a,
          co_window_paths_a, co_window_paths_a, co_window_paths_a,
          co_window_broadway_b, co_window_broadway_a, co_window_2corner,
          glass_columns_a, glass_columns_a, glass_columns_a, kennysheep_nub,
          minmay_mini_ossuary
D:5:      layout_loops_ring
D:6:      layout_basic, nicolae_overflow_hidden_temple,
          nicolae_overflow_crystal_walls, portal_sewer_entry_e, uniq_pikel,
          uniq_sigmund
D:7:      layout_loops_ring, kennysheep_mini_moat, lemuel_crystal_altar,
          serial_undead, serial_undead_f, serial_undead_e, serial_undead_a,
          serial_undead_b, nicolae_ru_great_annihilating_truth
D:8:      layout_rooms
D:9:      layout_long_grid
D:10:     minmay_coctagon, layout_layer_cave
D:11:     layout_roguey, due_lair_maze_entry_diamond, orc_david_3
D:12:     layout_cave_pools, serial_shops, shop

Skill      XL: |  1  2  3  4  5  6  7  8  9 10 11 |
---------------+----------------------------------+-----
Axes           | 4 5 6 |  6.7
Armour         | 1 2 3 5 7 9 |  9.3
Fighting       | 3 4 5 6 7 9 |  9.7
Polearms       | 2 3 6 7 10 11 12 | 12.1
Invocations    | 1 2 3 4 5 6 |  6.8
Throwing       | |  2.0
Dodging        | |  3.2

Action                   |  1- 3 |  4- 6 |  7- 9 | 10-12 || total
-------------------------+-------+-------+-------+-------++-------
Melee: War axe           |    61 |    66 |       |       ||   127
       Headbutt          |    10 |    14 |    37 |    31 ||    92
       Halberd           |       |    69 |   218 |       ||   287
       Trident           |       |       |    51 |   212 ||   263
Invok: Recall Ancestor   |       |     1 |     1 |     2 ||     4
       Ancestor Identity |       |       |     1 |       ||     1
       Ancestor Life: Kn |       |       |     1 |       ||     1
  Use: Scroll            |       |     6 |     3 |     1 ||    10
       Potion            |       |       |       |     1 ||     1
 Stab: Distracted        |       |     1 |     3 |     2 ||     6
       Paralysed         |       |       |     1 |       ||     1
Armor: Leather armour    |    15 |    10 |       |       ||    25
       Ring mail         |       |    27 |    61 |    39 ||   127
Dodge: Dodged            |    52 |    68 |   128 |    62 ||   310

Table legend: (Time is in decaauts)
 A = Elapsed time spent in this place.
 B = Non-inter-level travel time spent in this place.
 C = Inter-level travel time spent in this place.
 D = Time resting spent in this place.
 E = Time spent auto-exploring this place.
 F = Levels seen in this place.
 G = Mean time per level.
                   A        B        C        D        E       F      G
               +--------+--------+--------+--------+--------+-----+--------+
         Total |  10340 |   9843 |    497 |   1205 |   7036 |  12 |  861.7 |
       Dungeon |  10340 |   9843 |    497 |   1205 |   7036 |  12 |  861.7 |
               +--------+--------+--------+--------+--------+-----+--------+

Top non-repeatable levels by time:
     D:5: 1348 daAuts
     D:7: 1318 daAuts
     D:2: 1176 daAuts
     D:4: 1056 daAuts
     D:8: 1046 daAuts
     D:9: 1043 daAuts
     D:6: 952 daAuts
     D:1: 836 daAuts
     D:3: 794 daAuts
    D:10: 503 daAuts
    D:11: 243 daAuts
    D:12: 19 daAuts
